 Dungeon Crawl Stone Soup version 0.29.0-4-gdea44cf6ec (webtiles) character file.

Game seed: 10243946825046776370

18 qw the Sneak (level 2, 0/19 HPs)
             Began as a Gargoyle Delver on Sept 10, 2022.
             Slain by a scorpion (7 damage)
             ... on level 4 of the Dungeon.
             The game lasted 00:00:11 (549 turns).

qw the Sneak (Gargoyle Delver)                       Turns: 549, Time: 00:00:12

Health: 0/19       AC:  5    Str: 15    XL:     2   Next: 66%
Magic:  2/2        EV: 11    Int: 10    God:
Gold:   0          SH:  0    Dex: 11    Spells: 1/1 levels left

rFire   . . .      SeeInvis .   a - +0 hand axe
rCold   . . .      Faith    .   (no shield)
rNeg    + . .      Spirit   .   b - +0 leather armour
rPois   inf        Reflect  .   (no helmet)
rElec   +          Harm     .   (no cloak)
rCorr   .          Rampage  .   (no gloves)
Will    .....                   (no boots)
Stlth   +++.......              (no amulet)
HPRegen 0.06/turn               (no ring)
MPRegen 0.08/turn               (no ring)

@: no status effects
A: sickness immunity, AC +2, negative energy resistance 1, electricity
resistance, torment resistance 1, petrification resistance
a: no special abilities


You were on level 4 of the Dungeon.
You visited 1 branch of the dungeon, and saw 2 of its levels.


Innate Abilities, Weirdness & Mutations

You are immune to sickness and miasma.
Your stone body is resilient. (AC +2)
You are immune to poison.
You resist negative energy. (rN+)
You are resistant to electric shocks. (rElec)
You are resistant to unholy torment.
You are immune to petrification.


   Skills:
 - Level 3.2 Fighting
 + Level 2.9 Axes
 - Level 1.5 Dodging
 - Level 5.4 Stealth


You had one spell level left.
You didn't know any spells.
Your spell library was empty.

Inventory:

Hand Weapons
 a - a +0 hand axe (weapon)
Armour
 b - a +0 leather armour (worn)
 c - a +0 scale mail
Wands
 g - a wand of digging (3)
Scrolls
 e - a scroll of enchant armour {unknown}
Potions
 d - a potion of heal wounds {unknown}
 f - a potion of haste

Dungeon Overview and Level Annotations

Branches:
Dungeon (5/15)
 Temple: D:4-7

Altars:


Message History

A goblin comes into view. It is wielding a +0 dagger.
You hit the goblin.
The goblin is moderately wounded.
The goblin hits you but does no damage.
You hit the goblin.
The goblin is heavily wounded.
The goblin hits you but does no damage.
You slash the goblin!
You kill the goblin!
You see here a +0 dagger.
A hobgoblin comes into view.
The hobgoblin shouts!
You barely miss the hobgoblin. The hobgoblin closely misses you.
You hit the hobgoblin.
You kill the hobgoblin!
A scorpion and a kobold come into view.
A ball python comes into view.
The helpless scorpion fails to defend itself.
You hit the scorpion but do no damage. The scorpion stings you!
You hit the scorpion but do no damage.
The scorpion stings you but does no damage.
The scorpion stings you.
You hit the scorpion.
The scorpion is moderately wounded.
The scorpion barely misses you.
You hit the scorpion but do no damage.
The scorpion is moderately wounded.
The scorpion stings you but does no damage.
You hit the scorpion but do no damage.
The scorpion is moderately wounded.
The scorpion misses you. The scorpion closely misses you.
You hit the scorpion but do no damage.
The scorpion is moderately wounded.
The scorpion stings you.
You hit the scorpion.
The scorpion is moderately wounded.
The scorpion closely misses you. The scorpion stings you!
You die...

### S.# ###.#
..#.# #.#.# ..
#.#.# #... K..
#.#s# ..#
...####.#@###..#
...............#
#######
.........####.#
#......
##..........#.#
#.#####
#......###...#
#.# ###......#
##..#####.#
........##
###>......#
........#
#.......#######
........#
#.........#....


You could see a scorpion and a ball python (asleep).

Vanquished Creatures
  An adder (D:4)
  2 dart slugs (D:4)
  A goblin (D:4)
  A hobgoblin (D:4)
  A ball python (D:4)
6 creatures vanquished.

Notes
Turn   | Place    | Note
-------+----------+-------------------------------------------
     0 | D:5      | qw the Gargoyle Delver began the quest for the Orb.
     0 | D:5      | Reached XP level 1. HP: 14/14 MP: 1/1
     0 | D:5      | 0 ||| qw: Version: 0.1-a-116-g5d60599
     0 | D:5      | 0 ||| qw: Game counter: 8700
     0 | D:5      | 0 ||| qw: Always use a shield: true
     0 | D:5      | 0 ||| qw: God list: Okawaru
     0 | D:5      | 0 ||| qw: Allow faded altars: false
     0 | D:5      | 0 ||| qw: Do Orc after D:15 true
     0 | D:5      | 0 ||| qw: Do second Lair branch before Depths: true
     0 | D:5      | 0 ||| qw: Lair rune preference: random
     0 | D:5      | 0 ||| qw: Plans: Normal
     0 | D:5      | 0 ||| PLANNING D:1-11
     6 | D:5      | 6 ||| DROPPING scroll of fog.
     7 | D:5      | 7 ||| DROPPING scroll of magic mapping.
     8 | D:5      | 8 ||| DROPPING scroll of fear.
    24 | D:4      | 24 ||| Stepping ~*~*~tactically~*~*~ (hiding).
   126 | D:4      | 126 ||| Stepping ~*~*~tactically~*~*~ (hiding).
   293 | D:4      | Reached XP level 2. HP: 17/19 MP: 2/2
   346 | D:4      | 346 ||| Stepping ~*~*~tactically~*~*~ (hiding).
   526 | D:4      | Noticed a scorpion
   549 | D:4      | Slain by a scorpion

Levels and vault maps discovered:
D:4:      layout_basic, mainiacjoe_overflow_tiny_flanked
D:5:      layout_loops_corners, nicolae_overflow_crystal_walls,
          minmay_temple_entry_sparse_star, dreamdust_gnoll_farm

Skill      XL: |  1 |
---------------+----+-----
Axes           | 2 |  2.9
Fighting       | |  3.2
Dodging        | |  1.5
Stealth        | |  5.4

Action                   || total
-------------------------++-------
Melee: Hand axe          ||    34
       Punch             ||     1
 Stab: Sleeping          ||     1
Armor: Leather armour    ||    13
Dodge: Dodged            ||    16

Table legend:
 A = Non-vault XP
 B = Vault XP
 C = Vault XP percentage of total XP
 D = Non-vault monster count
 E = Vault monster count
 F = Vault count percentage of total count
                 A         B        C        D         E       F
            +---------+---------+-------+---------+---------+-------
      Total |      26 |       0 |   0.0 |       6 |       0 |   0.0
            +---------+---------+-------+---------+---------+-------
        D:4 |      26 |       0 |   0.0 |       6 |       0 |   0.0
            +---------+---------+-------+---------+---------+-------
